 Dungeon Crawl Stone Soup version 0.30-a0-165-g1891117ce2 (webtiles) character file.

Game seed: 3368972156108955740

1302 qw the Blocker (level 8, -6/48 HPs)
             Began as a Gargoyle Fighter on Sept 28, 2022.
             Killed by an exploding butterfly (16 damage)
             ... ignited by their inner flame
             ... on level 5 of the Dungeon.
             The game lasted 00:01:54 (5247 turns).

qw the Blocker (Gargoyle Fighter)                   Turns: 5247, Time: 00:01:54

Health: -6/48      AC: 19    Str: 23    XL:     8   Next: 57%
Magic:  8/8        EV:  4    Int:  8    God:
Gold:   181        SH: 16    Dex: 15    Spells: 7/7 levels left

rFire   . . .      SeeInvis .    Y - +2 war axe (freeze)
rCold   . . .      Faith    .    l - +0 tower shield
rNeg    + . .      Spirit   .    n - +0 plate armour
rPois   inf        Reflect  .    e - +1 helmet
rElec   +          Harm     .    (no cloak)
rCorr   .          Rampage  .    (no gloves)
Will    .....                    (no boots)
Stlth   ..........               (no amulet)
HPRegen 0.16/turn                c - +6 ring of dexterity
MPRegen 0.11/turn                (no ring)

@: no status effects
A: sickness immunity, AC +5, negative energy resistance 1, electricity
resistance, torment resistance 1, petrification resistance
a: no special abilities


You were on level 5 of the Dungeon.
You visited 1 branch of the dungeon, and saw 5 of its levels.

You collected 307 gold pieces.
You spent 126 gold pieces at shops.


Innate Abilities, Weirdness & Mutations

You are immune to sickness and miasma.
Your stone body is resilient. (AC +5)
You are immune to poison.
You resist negative energy. (rN+)
You are resistant to electric shocks. (rElec)
You are resistant to unholy torment.
You are immune to petrification.


   Skills:
 + Level 3.8 Fighting
 - Level 5.4 Axes
 - Level 3.2 Armour
 - Level 1.2 Dodging
 - Level 9.3 Shields


You had 7 spell levels left.
You didn't know any spells.
Your spell library was empty.

Inventory:

Hand Weapons
 m - a +0 flail
 Y - a +2 war axe of freezing (weapon)
Missiles
 h - 4 boomerangs (quivered)
Armour
 e - a +1 helmet (worn)
 l - a +0 tower shield (worn)
 n - a +0 plate armour (worn)
Jewellery
 c - a +6 ring of dexterity (left hand)
Scrolls
 f - a scroll of identify
 p - 2 scrolls of teleportation
Potions
 b - a potion of heal wounds
 d - 3 potions of might
 g - a potion of resistance
 j - 2 potions of haste
 k - 2 potions of curing
 o - a potion of attraction
 q - a potion of lignification {unknown}

Dungeon Overview and Level Annotations

Branches:
Dungeon (5/15)             Temple (0/1) D:5

Altars:
Elyvilon
Gozag
Nemelex Xobeh
Sif Muna
Zin

Shops:
D:3 *   D:4 *


Message History

The fiery explosion engulfs your butterfly!!
Your butterfly disappears in a burst of colours!
The fiery explosion engulfs your butterfly!!
Your butterfly disappears in a burst of colours!
Your butterfly explodes!
The fiery explosion engulfs your butterfly!
Your butterfly disappears in a burst of colours!
The fiery explosion engulfs you!!
Ouch! That really hurt!
The fiery explosion engulfs your butterfly!!
Your butterfly disappears in a burst of colours!
Your butterfly explodes!
The fiery explosion engulfs your butterfly!!
Your butterfly disappears in a burst of colours!
Your butterfly explodes!
The fiery explosion engulfs your butterfly!!
Your butterfly disappears in a burst of colours!
Your butterfly explodes!
The fiery explosion engulfs your butterfly!!
Your butterfly disappears in a burst of colours!
Your butterfly explodes!
The fiery explosion engulfs your butterfly!
Your butterfly disappears in a burst of colours!
The fiery explosion engulfs your butterfly!!!
Your butterfly disappears in a burst of colours!
Your butterfly explodes!
The fiery explosion engulfs your butterfly!!
Your butterfly disappears in a burst of colours!
Your butterfly explodes!
The fiery explosion engulfs your butterfly!!
Your butterfly disappears in a burst of colours!
Your butterfly explodes!
The fiery explosion engulfs your butterfly!!
Your butterfly disappears in a burst of colours!
Your butterfly explodes! x2
The fiery explosion engulfs your butterfly!!!
Your butterfly disappears in a burst of colours!
Your butterfly explodes! x2
The fiery explosion engulfs you!
You die...

##..##...##..##).....#
..............))#....#
...#.##...#...).#........
....####..#...###..###...
.....###.##.¤¤..#.¤.¤..(.
#..#..##..#¤¤¤¤¤¤¤#¤#.#.#
#.##.......¤¤¤¤¤¤¤¤¤.....
#.###..##<¤¤¤¤¤¤¤¤#......
...##...##¤¤¤¤¤¤@¤¤.b....
##.##...#..¤¤¤¤¤¤¤#b..>..
#..###.)....¤¤¤¤¤¤¤......
..[...#......¤¤¤¤¤#......
...#.....#....#!.........
#####....#...###.b#.#.#.#
.# #....###.## ##........
## #....# ### ########. #
######


There were no monsters in sight!

Vanquished Creatures
  3 water moccasins (D:5)
  A black bear (D:5)
  2 ogres
  2 centaurs
  A phantom (D:3)
  A scorpion (D:5)
  2 hounds
  6 iguanas
  6 orc wizards
  3 gnolls (D:5)
  An adder (D:5)
  2 worms
  A dart slug (D:2)
  15 orcs
  7 endoplasms
  3 giant cockroaches
  7 goblins
  9 hobgoblins
  9 jackals
  8 kobolds
  8 quokkas
  7 ball pythons
  4 bats
  2 frilled lizards
  8 rats
118 creatures vanquished.

Notes
Turn   | Place    | Note
-------+----------+-------------------------------------------
     0 | D:1      | qw the Gargoyle Fighter began the quest for the Orb.
     0 | D:1      | Reached XP level 1. HP: 14/14 MP: 1/1
     0 | D:1      | 0 ||| qw: Version: 0.2-a-10-g37ed214
     0 | D:1      | 0 ||| qw: Game counter: 734
     0 | D:1      | 0 ||| qw: Always use a shield: true
     0 | D:1      | 0 ||| qw: God list: Okawaru
     0 | D:1      | 0 ||| qw: Allow faded altars: false
     0 | D:1      | 0 ||| qw: Do Orc after D:15 true
     0 | D:1      | 0 ||| qw: Do second Lair branch before Depths: true
     0 | D:1      | 0 ||| qw: Lair rune preference: random
     0 | D:1      | 0 ||| qw: Plans: Normal, Zot:1-4, God:TSO, Crypt, Tomb,
                  | Pan, Slime:5, Hells, Abyss, Orb
     0 | D:1      | 0 ||| PLANNING D:1-11
   405 | D:1      | 405 ||| Stepping ~*~*~tactically~*~*~ (stealth).
   408 | D:1      | 408 ||| Stepping ~*~*~tactically~*~*~ (stealth).
   410 | D:1      | Reached XP level 2. HP: 19/19 MP: 2/2
   647 | D:1      | Reached skill level 3 in Axes
   989 | D:1      | Found a faded altar of an unknown god.
  1007 | D:1      | Reached XP level 3. HP: 23/23 MP: 3/3
  1139 | D:1      | 1139 ||| READING scroll labelled EPUARA ITEE.
  1140 | D:1      | 1140 ||| READING 2 scrolls labelled AMNYLLENOI.
  1241 | D:1      | 1241 ||| READING scroll labelled ZATUTHROZALIZ.
  1242 | D:1      | 1242 ||| READING scroll labelled FUIWAC CEGO.
  1243 | D:1      | 1243 ||| READING scroll labelled NOISTU TINIC.
  1244 | D:1      | 1244 ||| READING scroll labelled RIHEMPEOLEYDD.
  1245 | D:1      | 1245 ||| DROPPING scroll of silence.
  1267 | D:2      | 1267 ||| STAIRDANCE
  1343 | D:2      | HP: 3/23 [worm (9)]
  1755 | D:2      | 1755 ||| Stepping ~*~*~tactically~*~*~ (stealth).
  1764 | D:2      | 1764 ||| Stepping ~*~*~tactically~*~*~ (stealth).
  1769 | D:2      | 1769 ||| Stepping ~*~*~tactically~*~*~ (stealth).
  1770 | D:2      | 1770 ||| Stepping ~*~*~tactically~*~*~ (stealth).
  1775 | D:2      | 1775 ||| Stepping ~*~*~tactically~*~*~ (stealth).
  1782 | D:2      | 1782 ||| Stepping ~*~*~tactically~*~*~ (stealth).
  1787 | D:2      | 1787 ||| FLEEEEING.
  1788 | D:2      | 1788 ||| FLEEEEING.
  1789 | D:2      | 1789 ||| FLEEEEING.
  1790 | D:2      | 1790 ||| STAIRDANCE
  1844 | D:1      | 1844 ||| UPGRADING to +0 helmet.
  1849 | D:1      | 1849 ||| UPGRADING to +0 chain mail.
  1859 | D:1      | 1859 ||| DROPPING +0 scale mail.
  1860 | D:1      | 1860 ||| READING scroll of enchant armour.
  1860 | D:1      | 1860 ||| ENCHANTING +0 helmet.
  1861 | D:1      | 1861 ||| READING scroll labelled SUOR NUSINO.
  1901 | D:2      | 1901 ||| Stepping ~*~*~tactically~*~*~ (hiding).
  1904 | D:2      | 1904 ||| Stepping ~*~*~tactically~*~*~ (hiding).
  1911 | D:2      | Reached XP level 4. HP: 25/28 MP: 4/4
  1995 | D:2      | 1995 ||| Stepping ~*~*~tactically~*~*~ (stealth).
  2174 | D:2      | Found a glowing silver altar of Zin.
  2244 | D:2      | 2244 ||| READING scroll labelled HOETROIDOI.
  2245 | D:2      | 2245 ||| DRINKING 2 sapphire potions.
  2319 | D:3      | 2319 ||| READING scroll of enchant weapon.
  2319 | D:3      | 2319 ||| ENCHANTING +1 war axe.
  2356 | D:3      | Noticed a centaur
  2357 | D:3      | 2357 ||| Stepping ~*~*~tactically~*~*~ (hiding).
  2358 | D:3      | 2358 ||| Stepping ~*~*~tactically~*~*~ (hiding).
  2359 | D:3      | 2359 ||| Stepping ~*~*~tactically~*~*~ (hiding).
  2365 | D:3      | Killed a centaur
  2366 | D:3      | Reached XP level 5. HP: 21/32 MP: 5/5
  2483 | D:3      | Noticed a phantom
  2484 | D:3      | 2484 ||| Stepping ~*~*~tactically~*~*~ (stealth).
  2486 | D:3      | 2486 ||| Stepping ~*~*~tactically~*~*~ (stealth).
  2505 | D:3      | Killed a phantom
  2544 | D:3      | Reached XP level 6. HP: 38/38 MP: 6/6
  2650 | D:3      | Found Maonket's General Store.
  2664 | D:3      | 2664 ||| BUYING +0 kite shield (54 gold).
  2664 | D:3      | Bought a +0 kite shield for 54 gold pieces
  2664 | D:3      | 2664 ||| BUYING potion of attraction (36 gold).
  2664 | D:3      | Bought a potion of attraction for 36 gold pieces
  2763 | D:3      | Found a sparkling altar of Nemelex Xobeh.
  2797 | D:3      | Found a shimmering blue altar of Sif Muna.
  2876 | D:3      | 2876 ||| UPGRADING to +0 kite shield.
  2886 | D:3      | 2886 ||| DROPPING +0 buckler.
  2887 | D:3      | 2887 ||| READING scroll labelled DAJADY MISAI.
  2888 | D:3      | 2888 ||| READING scroll labelled LEPIANGA COTI.
  2888 | D:3      | Identified a scroll of acquirement
  2888 | D:3      | 2888 ||| ACQUIRING +6 ring of dexterity
  2888 | D:3      | Acquired a +6 ring of dexterity
  2890 | D:3      | 2890 ||| UPGRADING to +6 ring of dexterity.
  2891 | D:3      | 2891 ||| DRINKING 2 fuming brown potions.
  2892 | D:3      | 2892 ||| READING 2 scrolls of identify.
  2892 | D:3      | 2892 ||| IDENTIFYING black potion
  2893 | D:3      | 2893 ||| DROPPING potion of ambrosia.
  2983 | D:4      | 2983 ||| DROPPING +0 club.
  3037 | D:4      | Reached skill level 4 in Shields
  3037 | D:4      | 3037 ||| FLEEEEING.
  3038 | D:4      | 3038 ||| FLEEEEING.
  3039 | D:4      | 3039 ||| FLEEEEING.
  3040 | D:4      | 3040 ||| FLEEEEING.
  3041 | D:4      | 3041 ||| FLEEEEING.
  3042 | D:4      | 3042 ||| FLEEEEING.
  3043 | D:4      | 3043 ||| FLEEEEING.
  3044 | D:4      | 3044 ||| FLEEEEING.
  3045 | D:4      | 3045 ||| FLEEEEING.
  3046 | D:4      | 3046 ||| FLEEEEING.
  3047 | D:4      | 3047 ||| FLEEEEING.
  3049 | D:4      | 3049 ||| FLEEEEING.
  3050 | D:4      | 3050 ||| FLEEEEING.
  3050 | D:4      | HP: 4/38 [something/puff of flame (12)]
  3051 | D:4      | 3051 ||| FLEEEEING.
  3052 | D:4      | 3052 ||| FLEEEEING.
  3053 | D:4      | 3053 ||| STAIRDANCE
  3332 | D:3      | 3332 ||| UPGRADING to +0 tower shield.
  3342 | D:3      | 3342 ||| DROPPING +0 kite shield.
  3345 | D:4      | 3345 ||| STAIRDANCE
  3477 | D:4      | Found an opulent altar of Gozag.
  3561 | D:4      | 3561 ||| Stepping ~*~*~tactically~*~*~ (stealth).
  3764 | D:4      | Identified the +1 leather armour "Damnable Contraption"
                  | {Rampage Dex+2}
  3790 | D:4      | 3790 ||| Stepping ~*~*~tactically~*~*~ (stealth).
  3791 | D:4      | 3791 ||| Stepping ~*~*~tactically~*~*~ (stealth).
  3798 | D:4      | HP: 9/38 [ogre/+0 giant club (13)]
  3802 | D:4      | Reached skill level 5 in Shields
  3802 | D:4      | Reached XP level 7. HP: 11/42 MP: 7/7
  4057 | D:4      | Found Cekisub's General Store.
  4077 | D:4      | 4077 ||| SHOPLISTING amulet of guardian spirit (360 gold,
                  | have 142).
  4077 | D:4      | 4077 ||| SHOPLISTING ring of resist corrosion (240 gold,
                  | have 142).
  4077 | D:4      | 4077 ||| BUYING scroll of teleportation (36 gold).
  4077 | D:4      | Bought a scroll of teleportation for 36 gold pieces
  4468 | D:4      | 4468 ||| UPGRADING to +0 plate armour.
  4478 | D:4      | 4478 ||| DROPPING +0 chain mail.
  4479 | D:4      | 4479 ||| READING 2 scrolls labelled VUUFIU GEKEI.
  4480 | D:4      | 4480 ||| READING scroll labelled BAIVEQUKHE.
  4481 | D:4      | 4481 ||| DROPPING scroll of vulnerability.
  4503 | D:5      | Entered Level 5 of the Dungeon
  4507 | D:5      | 4507 ||| Stepping ~*~*~tactically~*~*~ (stealth).
  4517 | D:5      | Reached skill level 6 in Shields
  4557 | D:5      | 4557 ||| Stepping ~*~*~tactically~*~*~ (stealth).
  4566 | D:5      | 4566 ||| Stepping ~*~*~tactically~*~*~ (stealth).
  4582 | D:5      | Reached skill level 7 in Shields
  4749 | D:5      | Reached XP level 8. HP: 41/48 MP: 8/8
  4808 | D:5      | 4808 ||| Stepping ~*~*~tactically~*~*~ (stealth).
  4810 | D:5      | 4810 ||| Stepping ~*~*~tactically~*~*~ (hiding).
  4817 | D:5      | 4817 ||| Stepping ~*~*~tactically~*~*~ (stealth).
  4823 | D:5      | Reached skill level 8 in Shields
  4861 | D:5      | Reached skill level 1 in Dodging
  4888 | D:5      | 4888 ||| Stepping ~*~*~tactically~*~*~ (stealth).
  4890 | D:5      | 4890 ||| Stepping ~*~*~tactically~*~*~ (hiding).
  4891 | D:5      | 4891 ||| Stepping ~*~*~tactically~*~*~ (hiding).
  4893 | D:5      | 4893 ||| Stepping ~*~*~tactically~*~*~ (hiding).
  4894 | D:5      | 4894 ||| Stepping ~*~*~tactically~*~*~ (hiding).
  4895 | D:5      | 4895 ||| Stepping ~*~*~tactically~*~*~ (hiding).
  4963 | D:5      | 4963 ||| Stepping ~*~*~tactically~*~*~ (stealth).
  4964 | D:5      | 4964 ||| Stepping ~*~*~tactically~*~*~ (stealth).
  4985 | D:5      | 4985 ||| Stepping ~*~*~tactically~*~*~ (stealth).
  5084 | D:5      | 5084 ||| FLEEEEING.
  5085 | D:5      | 5085 ||| Stepping ~*~*~tactically~*~*~ (hiding).
  5143 | D:5      | Found a white marble altar of Elyvilon.
  5173 | D:5      | Reached skill level 9 in Shields
  5232 | D:5      | Found a staircase to the Ecumenical Temple.
  5233 | D:5      | 5233 ||| PLANNING TEMPLE
  5233 | D:5      | 5233 ||| READING scroll labelled YFRIUS NEOSTISS.
  5234 | D:5      | 5234 ||| READING scroll labelled OSTRET HIUZUFO.
  5235 | D:5      | 5235 ||| READING scroll labelled JAACACUMEVI.
  5236 | D:5      | 5236 ||| DRINKING 2 smoky grey potions.
  5237 | D:5      | 5237 ||| READING 3 scrolls of identify.
  5237 | D:5      | 5237 ||| IDENTIFYING ruby potion
  5238 | D:5      | 5238 ||| READING 2 scrolls of identify.
  5238 | D:5      | 5238 ||| IDENTIFYING inky potion
  5239 | D:5      | 5239 ||| DROPPING potion of flight.
  5243 | D:5      | 5243 ||| Stepping ~*~*~tactically~*~*~ (hiding).
  5244 | D:5      | 5244 ||| Stepping ~*~*~tactically~*~*~ (hiding).
  5245 | D:5      | 5245 ||| Stepping ~*~*~tactically~*~*~ (hiding).
  5246 | D:5      | 5246 ||| Stepping ~*~*~tactically~*~*~ (hiding).
  5247 | D:5      | 5247 ||| Stepping ~*~*~tactically~*~*~ (hiding).
  5247 | D:5      | HP: 10/48 [spore (27)]
  5247 | D:5      | Killed by an exploding butterfly... ignited by their inner
                  | flame

Levels and vault maps discovered:
D:1:      evilmike_arrival_crescent, layout_loops_cross, basic_ecumenical_altar,
          chequers_serial_rivers_small_3
D:2:      cheibrodos_helix_gallery, layout_rooms, basic_altar
D:3:      layout_rooms, grunt_temple_overflow_open, serial_shops, shop
D:4:      layout_basic, nicolae_overflow_hidden_temple,
          mainiacjoe_overflow_paths, serial_shops, nicolae_diamond_shop,
          kennysheep_boxes
D:5:      layout_cave_pools, elyvilon_altar_3, minmay_temple_entry_glass,
          uniq_crazy_yiuf_cottage

Skill      XL: |  1  2  3  4  5  6  7  8 |
---------------+-------------------------+-----
Axes           | 2 3 4 5 |  5.4
Shields        | 5 7 9 |  9.3
Dodging        | 1 |  1.2
Fighting       | |  3.8
Armour         | |  3.2

Action                   |  1- 3 |  4- 6 |  7- 9 || total
-------------------------+-------+-------+-------++-------
Melee: War axe           |   124 |   112 |   110 ||   346
Throw: Boomerang         |       |     1 |     9 ||    10
  Use: Scroll            |     8 |     5 |     7 ||    20
       Potion            |       |     2 |     1 ||     3
 Stab: Distracted        |       |       |     1 ||     1
Armor: Scale mail        |    61 |       |       ||    61
       Chain mail        |     2 |    56 |    12 ||    70
       Plate armour      |       |       |    60 ||    60
Dodge: Dodged            |    49 |    33 |     6 ||    88
Block: Buckler           |    26 |     2 |       ||    28
       Tower shield      |       |    24 |    85 ||   109
       Kite shield       |       |    13 |       ||    13

Table legend:
 A = Non-vault XP
 B = Vault XP
 C = Vault XP percentage of total XP
 D = Non-vault monster count
 E = Vault monster count
 F = Vault count percentage of total count
                 A         B        C        D         E       F
            +---------+---------+-------+---------+---------+-------
      Total |    1972 |       3 |   0.2 |     116 |       2 |   1.7
            +---------+---------+-------+---------+---------+-------
        D:1 |      39 |       0 |   0.0 |      25 |       0 |   0.0
        D:2 |      45 |       3 |   6.2 |      22 |       2 |   8.3
        D:3 |     279 |       0 |   0.0 |      17 |       0 |   0.0
        D:4 |     371 |       0 |   0.0 |      21 |       0 |   0.0
        D:5 |    1238 |       0 |   0.0 |      31 |       0 |   0.0
            +---------+---------+-------+---------+---------+-------
